 Dungeon Crawl Stone Soup version 0.20.0-15-g7f486f2 (webtiles) character file.

455 Merkmirnix the Chopper (level 7, -3/91 HPs)
             Began as a Hill Orc Berserker on July 1, 2017.
             Was a Priest of Trog.
             Slain by an orc warrior
             ... wielding a +0 flail of pain
              (9 damage)
             ... on level 4 of the Dungeon.
             The game lasted 00:15:46 (4150 turns).

Merkmirnix the Chopper (Hill Orc Berserker)         Turns: 4150, Time: 00:15:46

Health: -3/91      AC:  8    Str: 27    XL:     7   Next: 5%
Magic:  7/7        EV: 11    Int:  7    God:    Trog [***...]
Gold:   164        SH:  0    Dex: 10    Spells: 6/6 levels left

rFire    . . .     SeeInvis .   q - +0 long sword
rCold    . . .     Gourm    .   (no shield)
rNeg     . . .     Faith    .   i - +0 scale mail
rPois    .         Spirit   .   o - +0 helmet
rElec    .         Reflect  .   (no cloak)
rCorr    .         Harm     .   (no gloves)
MR       .....                  (no boots)
Stlth    ..........             (no amulet)
Regen    0.3/turn               (no ring)
MPRegen  0.1/turn               (no ring)

@: berserking (expiring), very quick
A: no striking features
a: Berserk, Trog's Hand, Burn Spellbooks, Renounce Religion


You were on level 4 of the Dungeon.
You worshipped Trog.
Trog was most pleased with you.
You were hungry.

You visited 1 branch of the dungeon, and saw 4 of its levels.

You collected 164 gold pieces.

Inventory:

Hand Weapons
 a - a +0 hand axe
 q - a +0 long sword (weapon)
Armour
 i - a +0 scale mail (worn)
 o - a +0 helmet (worn)
Jewellery
 f - an uncursed ring of protection from magic {unknown}
 l - an uncursed amulet of the gourmand {unknown}
Scrolls
 d - 2 scrolls of blinking {unknown}
 e - a scroll of enchant armour {unknown}
 g - 2 scrolls of fear {unknown}
 j - a scroll of magic mapping {unknown}
 k - 5 scrolls of identify {unknown}
 m - 3 scrolls of teleportation {unknown}
 n - a scroll of immolation {unknown}
 p - a scroll of random uselessness {unknown}
 u - a scroll of remove curse {unknown}
Potions
 b - 2 potions of flight {unknown}
 h - a potion of mutation {unknown}
Comestibles
 c - a bread ration
 r - a meat ration
 s - 6 fruits
 t - 2 royal jellies


   Skills:
 + Level 5.0 Fighting
 + Level 3.9 Long Blades
 + Level 5.2 Axes
 + Level 4.5 Armour
 + Level 2.5 Dodging
 + Level 0.3 Stealth


You had 6 spell levels left.
You didn't know any spells.

Dungeon Overview and Level Annotations

Branches:
Dungeon (4/15)
 Temple: D:4-7

Altars:
Kikubaaqudgha
Makhleb


Message History

You feel the power of Trog in you as your rage grows.
You kill the orc wizard!
Trog accepts your kill.
Trog appreciates your killing of a magic user.
Your Fighting skill increases to level 5!
You have reached level 7!
The orc warrior hits you with a flail of pain!
* * * LOW HITPOINT WARNING * * *
You hit the orc warrior but do no damage.
The orc warrior closely misses you.
You barely miss the orc warrior. You completely miss the orc warrior.
The orc warrior hits you with a flail of pain!
* * * LOW HITPOINT WARNING * * *
You writhe in agony.
* * * LOW HITPOINT WARNING * * *
You hit the orc warrior.
The orc warrior is moderately wounded.
The orc warrior hits you with a flail of pain!
You die...

.P.#.# #####..##...#.........
.P.### ##.###..##...#.........
#PPP... #...#........#.........
##...#.. #...#........#.........
.....# #...'........#.........
.....# #...#........#.........
##...# ##.###).##...#......... #
...# #.###)o##...#......... # ..#
#..'.@).#...#......... # .#
#..#....# .#......... # #####..##
#......... #
###..##..##...#...(####' #
#....'........#....#.... +
+>...#........#.. +.... #####...
#### ##.###.###.. #..##
#......###..####.########'###..#.
#......#....)..................#.


You could see an orc warrior.

Vanquished Creatures
  Blork the orc (D:4)
  2 scorpions (D:4)
  An orc priest (D:4)
  A centaur skeleton (D:4)
  2 worker ants (D:4)
  Natasha (D:4)
  2 orc wizards (D:4)
  3 adders
  A worm (D:4)
  3 dart slugs
  10 orcs (D:4)
  6 giant cockroaches
  9 goblins
  10 hobgoblins
  A quokka (D:3)
  6 bats
  7 frilled lizards
  A jackal skeleton (D:4)
  4 kobolds
  7 rats
  A plant (D:3)
79 creatures vanquished.

Vanquished Creatures (others)
  2 withered plants (D:4)
2 creatures vanquished.

Grand Total: 81 creatures vanquished

Notes
Turn   | Place    | Note
-------+----------+-------------------------------------------
     0 | D:1      | Merkmirnix the Hill Orc Berserker began the quest for the Orb.
     0 | D:1      | Reached XP level 1. HP: 19/19 MP: 1/1
   226 | D:1      | Reached XP level 2. HP: 17/27 MP: 2/2
   548 | D:1      | Reached XP level 3. HP: 26/33 MP: 3/3
   831 | D:2      | Reached ** piety under Trog
  1148 | D:2      | Reached skill level 5 in Axes
  1287 | D:2      | Reached XP level 4. HP: 40/40 MP: 4/4
  2184 | D:3      | Found a burning altar of Makhleb.
  2520 | D:4      | Reached skill level 1 in Long Blades
  2698 | D:4      | Reached XP level 5. HP: 36/47 MP: 5/5
  2716 | D:4      | Found an ancient bone altar of Kikubaaqudgha.
  2890 | D:4      | HP: 2/47 [poisoned by a scorpion]
  2898 | D:4      | HP: 2/47 [poisoned by a scorpion]
  2957 | D:4      | Noticed an orc warrior
  3224 | D:4      | Reached XP level 6. HP: 52/53 MP: 6/6
  3318 | D:4      | Noticed Natasha
  3329 | D:4      | Killed Natasha
  3430 | D:4      | Noticed Blork the orc
  3439 | D:4      | Killed Blork the orc
  3876 | D:4      | Reached *** piety under Trog
  4145 | D:4      | Reached skill level 5 in Fighting
  4145 | D:4      | Reached XP level 7. HP: 26/61 MP: 7/7
  4150 | D:4      | Slain by an orc warrior

Skill      XL: |  1  2  3  4  5  6 |
---------------+-------------------+-----
Fighting       | 4 5 |  5.0
Axes           | 5 |  5.2
Long Blades    | 1 2 3 |  3.9
Dodging        | 2 |  2.5
Armour         | 3 4 |  4.5
Stealth        | |  0.3

Action                   |  1- 3 |  4- 6 |  7- 9 || total
-------------------------+-------+-------+-------++-------
Melee: Hand axe          |    89 |       |       ||    89
       Long sword        |    15 |   200 |     4 ||   219
Invok: Berserk           |       |     2 |       ||     2
  Eat: Chunk             |     1 |     2 |       ||     3
       Bread ration      |       |     2 |       ||     2
Armor: Animal skin       |     1 |       |       ||     1
       Scale mail        |    37 |    90 |       ||   127
Dodge: Dodged            |    57 |   110 |     1 ||   168
       Rpst.: Long sword |     5 |    30 |       ||    35
